 Dungeon Crawl Stone Soup version 0.29-a0-106-g0a07039d5a (webtiles) character file.

Game seed: 16211385865007839598

63 being54 the Covered (level 4, -1/29 HPs)
             Began as a Gargoyle Fighter on Feb 16, 2022.
             Slain by an orc priest (3 damage)
             ... on level 3 of the Dungeon.
             The game lasted 00:03:52 (1836 turns).

being54 the Covered (Gargoyle Fighter)              Turns: 1836, Time: 00:03:53

Health: -1/29      AC: 13    Str: 22    XL:     4   Next: 9%
Magic:  4/4        EV:  9    Int:  8    God:
Gold:   84         SH:  4    Dex:  9    Spells: 3/3 levels left

rFire   . . .      SeeInvis .   a - +0 flail
rCold   . . .      Faith    .   c - +0 buckler
rNeg    + . .      Spirit   .   b - +0 scale mail
rPois   ∞          Reflect  .   n - +0 helmet
rElec   +          Harm     .   (no cloak)
rCorr   .          Rampage  .   (no gloves)
Will    .....                   f - +0 pair of boots
Stlth   ..........              (no amulet)
HPRegen 0.09/turn               (no ring)
MPRegen 0.09/turn               (no ring)

@: no status effects
A: sickness immunity, AC +3, negative energy resistance 1, electricity
resistance, torment resistance 1, petrification resistance
a: no special abilities


You were on level 3 of the Dungeon.
You visited 1 branch of the dungeon, and saw 3 of its levels.

You collected 84 gold pieces.

Inventory:

Hand Weapons
 a - a +0 flail (weapon)
Armour
 b - a +0 scale mail (worn)
 c - a +0 buckler (worn)
 f - a +0 pair of boots (worn)
 n - a +0 helmet (worn)
Jewellery
 i - an amulet of reflection
Scrolls
 g - 4 scrolls of magic mapping {unknown}
 j - 5 scrolls of teleportation {unknown}
 k - 3 scrolls of identify {unknown}
 l - a scroll of enchant weapon {unknown}
 m - a scroll of acquirement {unknown}
Potions
 d - a potion of might
 e - a potion of attraction {unknown}
 h - a potion of berserk rage {unknown}
 o - 2 potions of cancellation {unknown}


   Skills:
 + Level 3.6 Fighting
 + Level 2.4 Maces & Flails
 + Level 4.3 Armour
 + Level 0.8 Dodging
 + Level 3.4 Shields


You had 3 spell levels left.
You didn't know any spells.
Your spell library contained the following spells:

 Spells                   Type           Power      Damage    Failure   Level
 Slow                     Hex            0%         N/A       82%         1
 Confusing Touch          Hex            0%         N/A       99%         3
 Vampiric Draining        Necr           0%         2d6       99%         3


Dungeon Overview and Level Annotations

Branches:
Dungeon (3/15)

Altars:


Innate Abilities, Weirdness & Mutations

You are immune to sickness and miasma.
Your stone body is resilient. (AC +3)
You are immune to poison.
You resist negative energy. (rN+)
You are resistant to electric shocks. (rElec)
You are resistant to unholy torment.
You are immune to petrification.


Message History

The orc priest looks satisfied for a moment.
The orc hits you with a +0 hand axe.
You barely miss the orc. The orc barely misses you.
You closely miss the orc. The orc barely misses you.
You barely miss the orc. The orc hits you with a +0 hand axe.
The orc hits you but does no damage. x2
You closely miss the orc. The orc closely misses you.
The orc hits you but does no damage.
You hit the orc.
The orc is lightly wounded.
The orc hits you but does no damage.
The orc priest invokes the aid of Beogh against you.
Beogh smites you! The orc hits you but does no damage.
You block the orc's attack.
You closely miss the orc.
The orc is lightly wounded.
The orc closely misses you. The orc hits you with a +0 whip.
* * * LOW HITPOINT WARNING * * *
The orc closely misses you.
You hit the orc.
The orc is almost dead.
The orc hits you but does no damage. x2
You closely miss the orc.
The orc is almost dead.
You block the orc's attack. The orc hits you but does no damage.
The orc hits you with a +0 whip.
* * * LOW HITPOINT WARNING * * *
You sock the orc!
You kill the orc!
The orc closely misses you.
The orc priest hits you with a +0 dagger.
* * * LOW HITPOINT WARNING * * *
The orc barely misses you.
You hit the orc priest.
The orc priest is moderately wounded.
The orc priest barely misses you. The orc hits you but does no damage.
You closely miss the orc priest.
The orc priest is moderately wounded.
The orc priest hits you with a +0 dagger.
You die...

### ..# #.# #.#
### #.# ..# #.#
#.# #.# #o# #<#
#@# #.#
.#####o#####.#
..o^..........#
........#######
...###### ..


You could see an orc priest and an orc.

Vanquished Creatures
  2 adders
  A dart slug (D:2)
  2 orcs
  6 ball pythons
  5 endoplasms
  A giant cockroach (D:2)
  2 goblins (D:2)
  3 hobgoblins (D:1)
  A kobold (D:1)
  3 quokkas
  6 bats
  3 frilled lizards
  2 rats (D:2)
37 creatures vanquished.

Notes
Turn   | Place    | Note
-------+----------+-------------------------------------------
     0 | D:1      | being54 the Gargoyle Fighter began the quest for the Orb.
     0 | D:1      | Reached XP level 1. HP: 14/14 MP: 1/1
   424 | D:1      | Reached XP level 2. HP: 19/19 MP: 2/2
   915 | D:1      | Found a faded altar of an unknown god.
   993 | D:2      | Reached skill level 4 in Armour
  1027 | D:2      | Reached XP level 3. HP: 12/23 MP: 3/3
  1800 | D:3      | Reached XP level 4. HP: 27/29 MP: 4/4
  1836 | D:3      | Slain by an orc priest

Illustrated notes

Levels and vault maps discovered:
D:1:      elethiomel_arrival_shortcut, layout_basic,
          dilly_ecumenical_altar_fadedgnrine, chequers_mini_garden
D:2:      layout_rooms, minmay_misc_feat_ornament
D:3:      layout_loops_ring, st_stairs_7, uniq_jessica

Skill      XL: |  1  2 |
---------------+-------+-----
Armour         | 4 |  4.3
Fighting       | |  3.6
Maces & Flails | |  2.4
Dodging        | |  0.8
Shields        | |  3.4

Action                   |  1- 3 |  4- 6 || total
-------------------------+-------+-------++-------
Melee: Flail             |   124 |    11 ||   135
Armor: Scale mail        |    88 |     9 ||    97
Dodge: Dodged            |    83 |     8 ||    91
Block: Buckler           |    21 |     2 ||    23

Table legend: (Time is in decaauts)
 A = Elapsed time spent in this place.
 B = Non-inter-level travel time spent in this place.
 C = Inter-level travel time spent in this place.
 D = Time resting spent in this place.
 E = Time spent auto-exploring this place.
 F = Levels seen in this place.
 G = Mean time per level.
                   A        B        C        D        E       F      G
               +--------+--------+--------+--------+--------+-----+--------+
         Total |   1880 |   1830 |     50 |    315 |   1214 |   3 |  626.7 |
       Dungeon |   1880 |   1830 |     50 |    315 |   1214 |   3 |  626.7 |
               +--------+--------+--------+--------+--------+-----+--------+

Top non-repeatable levels by time:
     D:1: 996 daAuts
     D:2: 836 daAuts
     D:3: 47 daAuts
